 Seeded DCSS version 0.29.1-13-g9f3cf754e1 (webtiles) character file.

Game seed: 8611483013522864996 (custom seed)

14175 hbarley the Severer (level 12, -3/107 HPs)
             Began as a Hill Orc Fighter on Feb 3, 2023.
             Was a Believer of Uskayaw.
             Succumbed to a black mamba's poison
             ... on level 9 of the Dungeon.
             The game lasted 00:25:08 (10646 turns).

hbarley the Severer (Hill Orc Fighter)             Turns: 10646, Time: 00:25:09

Health: -3/107     AC: 30    Str: 25    XL:     12   Next: 13%
Magic:  12/12      EV:  8    Int: 16    God:    Uskayaw [**....]
Gold:   497        SH:  5    Dex: 14    Spells: 11/11 levels left

rFire   . . .      SeeInvis .   l - +5 war axe of Recklessness {freeze, Int+4}
rCold   . . .      Faith    .   c - +0 buckler
rNeg    . . .      Spirit   .   N - +0 plate armour
rPois   .          Reflect  .   F - +0 helmet
rElec   .          Harm     .   E - +2 cloak of the Wilderness {rCorr Str+2 Int+4}
rCorr   +          Rampage  .   C - +0 pair of gloves of the Ward {Str+3}
Will    .....                   H - +0 pair of boots
Stlth   ..........              (no amulet)
HPRegen 0.27/turn               p - +4 ring of protection
MPRegen 0.13/turn               w - +4 ring of protection

@: lethally poisoned (-3 -> -21), studying Unarmed Combat
A: no striking features
a: Renounce Religion, Stomp, Line Pass


You were on level 9 of the Dungeon.
You worshipped Uskayaw.
Uskayaw was noncommittal.
You visited 1 branch of the dungeon, and saw 10 of its levels.
You also visited: Ossuary and Bailey.

You collected 497 gold pieces.

Inventory:

Hand Weapons
 a - a +0 war axe
 l - the +5 war axe of Recklessness (weapon) {freeze, Int+4}
   (You acquired it in an ossuary)

   It freezes those it strikes, dealing additional cold damage.
   It can also slow down cold-blooded creatures.
   Int:       It affects your intelligence (+4).
 P - a +0 flail
Missiles
 t - 3 throwing nets (quivered)
 O - 27 poisoned darts
 X - a curare-tipped dart
Armour
 b - a +0 scale mail
 c - a +0 buckler (worn)
 j - a +0 cloak of preservation
 m - a +0 pair of gloves
 C - the +0 pair of gloves of the Ward (worn) {Str+3}
   (You acquired it in an ossuary)

   Str:       It affects your strength (+3).
 E - the +2 cloak of the Wilderness (worn) {rCorr Str+2 Int+4}
   (You found it on level 4 of the Dungeon)

   Str:       It affects your strength (+2).
   Int:       It affects your intelligence (+4).
   rCorr:     It protects you from acid and corrosion.
 F - a +0 helmet (worn)
 H - a +0 pair of boots (worn)
 M - a +0 chain mail
 N - a +0 plate armour (worn)
Jewellery
 p - a +4 ring of protection (left hand)
 v - a ring of wizardry
 w - a +4 ring of protection (right hand)
Wands
 L - a wand of flame (8)
 V - a wand of charming (3)
Scrolls
 e - a scroll of summoning
 f - a scroll of identify
 h - 2 scrolls of fear {unknown}
 i - 7 scrolls of teleportation
 n - 2 scrolls of enchant armour
 o - 4 scrolls of magic mapping
 r - 3 scrolls of poison
 x - 3 scrolls of enchant weapon
 y - 2 scrolls of vulnerability {unknown}
 G - 2 scrolls of blinking {unknown}
 J - a scroll of brand weapon {unknown}
 K - 2 scrolls of silence {unknown}
 Q - a scroll of immolation {unknown}
 U - 2 scrolls of butterflies {unknown}
Potions
 d - a potion of might
 g - 6 potions of degeneration
 k - 8 potions of heal wounds
 q - 2 potions of haste
 s - 2 potions of attraction {unknown}
 u - a potion of brilliance {unknown}
 z - 4 potions of mutation
 A - 3 potions of cancellation
 B - 4 potions of ambrosia
 D - a potion of flight {unknown}
 I - a potion of curing
 R - a potion of magic {unknown}
 S - 2 potions of invisibility {unknown}
 T - a potion of resistance {unknown}
 W - 2 potions of berserk rage {unknown}


   Skills:
 + Level 10.3 Fighting
 + Level 16.3 Axes
 + Level 9.7 Armour
 + Level 2.3 Dodging
 + Level 6.1 Stealth
 + Level 6.0 Shields
 + Level 1.5 Evocations


You had 11 spell levels left.
You didn't know any spells.
Your spell library contained the following spells:

 Spells                   Type           Power      Damage    Failure   Level
 Ensorcelled Hibernation  Hex/Ice        0%         N/A       99%         2
 Spider Form              Tmut/Pois      0%         N/A       100%        3
 Anguish                  Hex/Necr       0%         N/A       100%        4
 Animate Dead             Necr           0%         N/A       100%        4
 Hailstorm                Conj/Ice       0%         3d3       100%        4
 Ice Form                 Ice/Tmut       0%         N/A       100%        4
 Borgnjor's Vile Clutch   Necr/Erth      0%         N/A       100%        5
 Fireball                 Conj/Fire      0%         3d3       100%        5
 Death Channel            Necr           0%         N/A       100%        6
 Simulacrum               Ice/Necr       0%         N/A       100%        6
 Starburst                Conj/Fire      0%         6d3       100%        6
 Ignition                 Fire           0%         3d3       100%        8


Dungeon Overview and Level Annotations

Branches:
Dungeon (10/15)            Temple (0/1) D:4            Lair (0/5) D:8
Ossuary (visited)          Bailey (visited)
    Orc: D:9-12

Altars:
Elyvilon
Makhleb
Nemelex Xobeh
Trog
Uskayaw
Xom
Yredelemnul
Zin
The Shining One

Shops:
D:7 :   D:9 =


Message History

The black mamba bites you but does no damage.
You climb upwards.
Reactivating autopickup.
There is a stone staircase leading down here.
You barely miss the boulder beetle. You hit the black mamba.
You freeze the black mamba. You block the black mamba's attack.
The boulder beetle bites you but does no damage.
You slash the boulder beetle! You freeze the boulder beetle.
The boulder beetle is lightly wounded.
You barely miss the black mamba.
The black mamba bites you but does no damage.
The boulder beetle bites you but does no damage.
You slash the boulder beetle! You freeze the boulder beetle.
The boulder beetle is moderately wounded.
You barely miss the black mamba. The black mamba closely misses you.
You can now pass through a line of other dancers.
You hit the boulder beetle. You freeze the boulder beetle.
The boulder beetle is moderately wounded.
You slash the black mamba!
The black mamba seems to slow down.
You freeze the black mamba.
The black mamba bites you but does no damage.
The boulder beetle bites you but does no damage.
You hit the boulder beetle but do no damage.
The boulder beetle is moderately wounded.
You hit the black mamba.
The black mamba seems to slow down.
You freeze the black mamba.
The black mamba bites you but does no damage.
The boulder beetle bites you!
* * * LOW HITPOINT WARNING * * *
You completely miss the boulder beetle.
The boulder beetle is moderately wounded.
You hit the black mamba. You freeze the black mamba. The black mamba bites you!
* * * LOW HITPOINT WARNING * * *
You are lethally poisoned!
The black mamba poisons you! The boulder beetle bites you!
* * * LOW HITPOINT WARNING * * *
You slash the boulder beetle! You freeze the boulder beetle.
The boulder beetle is heavily wounded.
You slash the black mamba! You freeze the black mamba.
You die...

.....#### #.......'.##..~~≈≈~≈~.
.....# #.....[.####..~#####~.
.....# ###'###### #..~#...#~.
.....# #...# ##.~#.∩.#~. ....##
##.### #.~#...#~. ####### #..#
#.~##)##~. ......####'########
#.~~)~~~~.
......'.#......S..######...).....
......#.'.......@.'..........<...
......###......B..######.########
......# #.........# #.## #
......# #.........# #..# #######
#######'### ##.## # #...# #..# ##
##.### ##.# .## #..# #.# ..#
###'##### #.#


You could see a boulder beetle and a black mamba shaped shifter (slow).

Vanquished Creatures
  Gastronok (D:8)
  A hydra (D:10)
  2 boulder beetles (D:9)
  A two-headed ogre (D:8)
  2 vault guards (Bailey)
  A tengu warrior (D:10)
  A deep elf pyromancer (D:9)
  An unseen horror (D:10)
  A komodo dragon (D:8)
  A troll (D:9)
  A hornet (D:7)
  Prince Ribbit (D:8)
  A blink frog (Bailey)
  A vampire (D:9)
  A wraith (D:10)
  7 yaks (D:9)
  A fire elemental (D:9)
  5 humans (Bailey)
  3 steam dragons
  Grum (D:8)
  A sky beast (D:7)
  4 black bears
  3 ice beasts
  8 orc warriors
  2 ogres
  2 wolves (D:8)
  A phantom (D:7)
  5 kobold brigands
  11 bullfrogs
  A gnoll sergeant (D:7)
  2 scorpions
  A necrophage (D:5)
  A wight (D:7)
  4 killer bees (D:6)
  A howler monkey (D:5)
  4 hounds
  6 orc priests (D:9)
  A human zombie (Ossuary)
  2 iguanas
  12 orc wizards
  A hound zombie (Ossuary)
  4 mummies (Ossuary)
  5 adders
  3 gnolls (D:7)
  A shadow imp (D:7)
  A white imp (D:8)
  2 adder zombies (Ossuary)
  4 worms (D:2)
  3 dart slugs
  36 orcs
  4 ball pythons
  4 bats
  2 endoplasms
  2 giant cockroaches (D:2)
  3 gnoll zombies (Ossuary)
  7 hobgoblins
  5 jackals
  19 kobolds
  6 quokkas
  2 frilled lizards (D:1)
  14 goblins
  A hobgoblin zombie (Ossuary)
  A jackal zombie (Ossuary)
  A kobold zombie (Ossuary)
  An orc zombie (Ossuary)
  4 rats
  A rat zombie (Ossuary)
243 creatures vanquished.

Vanquished Creatures (collateral kills)
  Edmund (D:5)
1 creature vanquished.

Vanquished Creatures (others)
  A wizard (D:8)
  A sky beast (D:8)
  4 plants (D:8)
6 creatures vanquished.

Grand Total: 250 creatures vanquished

Notes
Turn   | Place    | Note
-------+----------+-------------------------------------------
     0 | D:1      | hbarley the Hill Orc Fighter began the quest for the Orb.
     0 | D:1      | Reached XP level 1. HP: 19/19 MP: 1/1
   180 | D:1      | Reached XP level 2. HP: 9/27 MP: 2/2
   715 | D:1      | Found a faded altar of an unknown god.
   979 | D:2      | Reached XP level 3. HP: 31/33 MP: 3/3
  1084 | D:2      | Reached skill level 3 in Axes
  1635 | D:2      | Reached XP level 4. HP: 31/40 MP: 4/4
  2249 | D:3      | Found a basalt altar of Yredelemnul.
  2325 | D:3      | Reached skill level 4 in Axes
  2525 | D:3      | Found a sparkling altar of Nemelex Xobeh.
  2525 | D:3      | Found a hide-covered altar of Uskayaw.
  2533 | D:3      | Found a faded altar of an unknown god.
  2536 | D:3      | Became a worshipper of Uskayaw the Reveller
  2540 | D:3      | Found a faded altar of an unknown god.
  2542 | D:3      | Found a shimmering altar of Xom.
  2841 | D:4      | Found a sand-covered staircase.
  2850 | Ossuary  | Entered an ossuary
  2855 | Ossuary  | Reached * piety under Uskayaw
  2857 | Ossuary  | Reached ** piety under Uskayaw
  2858 | Ossuary  | Reached XP level 5. HP: 43/46 MP: 5/5
  2859 | Ossuary  | Reached *** piety under Uskayaw
  2863 | Ossuary  | Reached **** piety under Uskayaw
  2872 | Ossuary  | Reached skill level 5 in Axes
  3330 | Ossuary  | Reached skill level 6 in Axes
  3449 | Ossuary  | Identified 2 scrolls of acquirement
  3450 | Ossuary  | Acquired the +0 pair of gloves of the Ward {Str+3}
  3451 | Ossuary  | Acquired the +5 war axe of Recklessness {freeze, Int+4}
  3540 | D:4      | Reached XP level 6. HP: 47/53 MP: 6/6
  3618 | D:4      | Found a glowing silver altar of Zin.
  3655 | D:4      | Found a staircase to the Ecumenical Temple.
  3686 | D:4      | Found a glowing golden altar of the Shining One.
  3691 | D:4      | Identified the +2 cloak of the Wilderness {rCorr Str+2
                  | Int+4}
  4033 | D:4      | Reached skill level 5 in Fighting
  4362 | D:4      | Reached skill level 7 in Axes
  4653 | D:5      | Entered Level 5 of the Dungeon
  4663 | D:5      | Reached XP level 7. HP: 61/61 MP: 7/7
  5008 | D:5      | Noticed Edmund
  5013 | D:5      | Killed Edmund
  5014 | D:5      | Reached skill level 8 in Axes
  5014 | D:5      | Reached skill level 1 in Stealth
  5209 | D:5      | Reached skill level 5 in Armour
  5209 | D:5      | Reached XP level 8. HP: 64/70 MP: 8/8
  5210 | D:5      | Reached skill level 1 in Dodging
  5533 | D:5      | Reached skill level 9 in Axes
  5874 | D:6      | Reached skill level 10 in Axes
  6135 | D:6      | Reached XP level 9. HP: 78/78 MP: 9/9
  6479 | D:7      | Reached skill level 11 in Axes
  6592 | D:7      | Noticed a hornet
  6598 | D:7      | Paralysed by a hornet for 2 turns
  6604 | D:7      | Killed a hornet
  6611 | D:7      | Reached ***** piety under Uskayaw
  6614 | D:7      | Reached skill level 12 in Axes
  6916 | D:7      | Found Wotah's Book Shop.
  7168 | D:8      | Noticed Grum
  7176 | D:8      | Reached XP level 10. HP: 75/88 MP: 10/10
  7185 | D:8      | Reached ****** piety under Uskayaw
  7189 | D:8      | Killed Grum
  7193 | D:8      | Noticed a two-headed ogre
  7359 | D:8      | Killed a two-headed ogre
  7360 | D:8      | Reached skill level 13 in Axes
  7437 | D:8      | Found a burning altar of Makhleb.
  7444 | D:8      | Noticed Prince Ribbit
  7455 | D:8      | Killed Prince Ribbit
  7463 | D:8      | Found a staircase to the Lair.
  7548 | D:8      | Reached skill level 5 in Shields
  7689 | D:8      | Noticed Gastronok
  7700 | D:8      | Killed Gastronok
  7701 | D:8      | Reached skill level 14 in Axes
  7897 | D:8      | Found a bloodstained altar of Trog.
  7899 | D:8      | Noticed a wizard
  7904 | D:8      | Killed a wizard
  8239 | D:8      | Reached skill level 1 in Evocations
  8340 | D:9      | Noticed a deep elf pyromancer
  8351 | D:9      | Killed a deep elf pyromancer
  8372 | D:9      | Reached XP level 11. HP: 55/97 MP: 11/11
  8545 | D:9      | Noticed a boulder beetle
  8559 | D:9      | Killed a boulder beetle
  8764 | D:9      | Found a flagged portal.
  8774 | Bailey   | Entered a bailey
  8906 | Bailey   | Reached skill level 15 in Axes
  8919 | Bailey   | Noticed a vault guard
  8933 | Bailey   | Killed a vault guard
  8934 | Bailey   | Reached skill level 5 in Stealth
  9034 | Bailey   | Noticed a vault guard
  9048 | Bailey   | Killed a vault guard
  9575 | D:9      | Found a white marble altar of Elyvilon.
  9649 | D:9      | Noticed a boulder beetle
  9671 | D:9      | Killed a boulder beetle
  9672 | D:9      | Reached skill level 10 in Fighting
  9672 | D:9      | Reached skill level 16 in Axes
 10015 | D:9      | Found Jeviugh's Jewellery Boutique.
 10093 | D:10     | Entered Level 10 of the Dungeon
 10112 | D:10     | Noticed a tengu warrior
 10121 | D:10     | Killed a tengu warrior
 10122 | D:10     | Reached XP level 12. HP: 84/106 MP: 12/12
 10216 | D:10     | Noticed a seven-headed hydra
 10227 | D:10     | Killed a 16-headed hydra
 10617 | D:10     | Noticed an ogre mage
 10617 | D:10     | Noticed an eight-headed hydra
 10617 | D:10     | Noticed a boulder beetle
 10645 | D:9      | HP: 1/107 [boulder beetle (17)]
 10646 | D:9      | Succumbed to a black mamba's poison

Illustrated notes

Levels and vault maps discovered:
D:1:      dpeg_arrival_fog, layout_basic, chequers_ecumenical_altar_simple
D:2:      layout_loops_cross, grunt_decor_clamped, grunt_decor_junction,
          kennysheep_generic_room_13
D:3:      layout_loops_ring, mainiacjoe_overflow_paths,
          chequers_temple_overflow_minitemple
D:4:      layout_basic, lemuel_round_altar, lemuel_tele_altar,
          minmay_temple_entry_wispy, nicolae_ossuary_entry_ruins
D:5:      layout_basic, dk_vineyard_2, uniq_edmund
D:6:      layout_basic, st_stairs_9, minmay_tree_intersection
D:7:      layout_rooms, serial_shops, nicolae_take_the_stairs,
          minmay_manual_mess
D:8:      layout_basic, trog_wizard, nicolae_overflow_crystal_walls,
          david_lair_shrubbed, uniq_gastronok, uniq_prince_ribbit1, uniq_grum
D:9:      layout_roguey, elyvilon_altar_3, enter_bailey_3, serial_shops, shop,
          dilly_guarded_unrand_elemental_staff
D:10:     minmay_ornate_pinched, layout_irregular_city,
          mainiacjoe_overflow_boulevard, mainiacjoe_overflow_alcove_1,
          mainiacjoe_overflow_six_doors_small, kennysheep_little_box,
          minivault_28

Skill      XL: |  1  2  3  4  5  6  7  8  9 10 11 12 |
---------------+-------------------------------------+-----
Fighting       | 4 5 6 7 9 10 | 10.3
Armour         | 4 5 6 7 9 |  9.7
Axes           | 3 4 6 7 8 10 12 14 16 | 16.3
Stealth        | 1 2 3 4 5 6 |  6.1
Dodging        | 1 2 |  2.3
Shields        | 4 5 6 |  6.0
Evocations     | 1 |  1.5

Action                   |  1- 3 |  4- 6 |  7- 9 | 10-12 || total
-------------------------+-------+-------+-------+-------++-------
Melee: War axe           |   116 |   141 |   150 |   257 ||   664
Evoke: Wand              |       |       |     2 |     5 ||     7
  Use: Scroll            |       |     4 |    11 |     2 ||    17
       Potion            |       |       |     1 |     3 ||     4
 Stab: Paralysed         |       |     6 |    14 |    20 ||    40
Armor: Scale mail        |    61 |    98 |    72 |       ||   231
       Chain mail        |       |       |     3 |       ||     3
       Plate armour      |       |       |    78 |   160 ||   238
Dodge: Dodged            |    59 |    75 |    52 |    61 ||   247
Block: Buckler           |    36 |    29 |    38 |    56 ||   159
